 Dungeon Crawl Stone Soup version 0.24.0-1-gfbc8707 (webtiles) character file.

Game seed: 851773687038425320, levelgen mode: deterministic

545 DimondSprtn the Firebug (level 7, 0/50 HPs)
             Began as a Purple Draconian Fire Elementalist on Nov 3, 2019.
             Slain by a bullfrog (6 damage)
             ... on level 5 of the Dungeon.
             The game lasted 00:11:42 (6863 turns).

DimondSprtn the Firebug (DrFE)                      Turns: 6863, Time: 00:11:43

Health: 0/50       AC:  8    Str:  7    XL:     7   Next: 6%
Magic:  14/14      EV: 12    Int: 18    God:
Gold:   230        SH:  0    Dex: 11    Spells: 1/16 levels left

rFire    . . .     SeeInvis .   e - +0 dagger
rCold    . . .     Gourm    .   (no shield)
rNeg     . . .     Faith    .   (armour unavailable)
rPois    .         Spirit   .   (helmet restricted)
rElec    .         Reflect  .   u - +0 cloak
rCorr    .         Harm     .   (no gloves)
MR       +....                  o - +0 pair of boots (curse)
Stlth    ++........             (no amulet)
HPRegen  0.16/turn              a - -3 ring of strength (curse)
MPRegen  0.14/turn              r - ring of wizardry

@: no status effects
A: breathe power, unfitting armour, cold-blooded, AC +6
a: Breathe Dispelling Energy


You were on level 5 of the Dungeon.
You were not hungry.

You visited 1 branch of the dungeon, and saw 5 of its levels.

You collected 230 gold pieces.

Inventory:

Hand Weapons
 e - a +0 dagger (weapon)
Missiles
 q - 2 boomerangs (quivered)
Armour
 o - a cursed +0 pair of boots (worn)
 u - a +0 cloak (worn)
Jewellery
 a - a cursed -3 ring of strength (left hand)
 r - a ring of wizardry (right hand)
 w - an uncursed ring of magical power
Wands
 k - a wand of paralysis (9)
Scrolls
 c - a scroll of identify
 d - 2 scrolls of magic mapping
 n - 2 scrolls of teleportation
Potions
 f - a potion of mutation {unknown}
 g - a potion of degeneration {unknown}
 h - a potion of haste {unknown}
 i - a potion of invisibility {unknown}
 j - a potion of lignification {unknown}
 l - a potion of curing
 p - a potion of flight {unknown}
 s - 2 potions of brilliance
Comestibles
 b - 7 rations


   Skills:
 - Level 1.7 Dodging
 - Level 1.7 Stealth
 + Level 5.2 Spellcasting
 * Level 4.3 Conjurations
 * Level 5.2 Fire Magic


You had one spell level left.
You knew the following spells:

 Your Spells              Type           Power        Failure   Level  Hunger
a - Flame Tongue          Conj/Fire      ###..        1%          1    None
b - Throw Flame           Conj/Fire      ###...       1%          2    #......
c - Conjure Flame         Conj/Fire      ###.....     2%          3    ##.....
d - Sticky Flame          Conj/Fire      ###.....     8%          4    ####...
e - Fireball              Conj/Fire      ###.......   21%         5    ######.

Your spell library contained the following spells:

 Spells                   Type           Power        Failure   Level  Hunger
 Inner Flame              Hex/Fire       ##......     5%          3    ##.....


Dungeon Overview and Level Annotations

Branches:
Dungeon (5/15)
 Temple: D:4-7

Altars:
Dithmenos
Fedhas
Hepliaklqana
Makhleb
Trog
Yredelemnul
The Shining One


Innate Abilities, Weirdness & Mutations

You can breathe bolts of dispelling energy.
Your rich purple scales are hard. (AC +6)
You cannot fit into any form of body armour.
You are cold-blooded and may be slowed by cold attacks.


Message History

The bullfrog zombie hits you.
* * * LOW HITPOINT WARNING * * *
The bullfrog hits you.
* * * LOW HITPOINT WARNING * * *
The bullfrog zombie misses you.
The orc throws a stone.
The stone closely misses you.
The orc zaps a wand.
You resist with significant effort.
You see here a stone.
The orc throws a stone.
The stone hits you.
* * * LOW HITPOINT WARNING * * *
The bullfrog hits you but does no damage.
The orc zaps a wand.
You are blasted!
* * * LOW HITPOINT WARNING * * *
You see here a stone.
The bullfrog hits you.
* * * LOW HITPOINT WARNING * * *
The bullfrog zombie hits you but does no damage.
The orc hits you but does no damage.
You feel better. The bullfrog hits you.
You die...

**,* *,,*,*,,,,,,#....#*≈,≈,
,,,* **,*,*****,,####.#,≈,≈*
**** *,*,,,,,,,,** #.#*≈,≈,
************,********,.#
#.#*#+#* ,,,,,,,,,,,,,*
#####'###.###.## ***,,,,,,..,,*
#.......#.#O....
*,,,,,,....#####.......#.#.###.
*,,,,,,....'...........#.#.# *,
*,,,,,,,,,,**#@.o......#.#.# *,
*,,,,,,,,,,* #FZ.......#.#.# *,
*,,,,,,,,,,* #g.o......'...# **
*,,,,,,,,,,* #(........#.######
*,,,,,,,,,,* #.................
************##.....##.##.######
#####.....o##.##.#
##.....©.....#.÷#.#
**########..#########..#÷#.# ##


You could see a bullfrog, 3 orcs, a bullfrog zombie and a hobgoblin.

Vanquished Creatures
  A phantom (D:4)
  A howler monkey (D:4)
  2 hounds (D:4)
  A jelly (D:5)
  2 iguanas (D:4)
  Terence (D:2)
  4 worker ants (D:4)
  7 adders
  2 worms
  4 dart slugs
  4 leopard geckos
  4 orcs (D:3)
  5 giant cockroaches
  5 goblins
  8 hobgoblins
  10 jackals
  7 kobolds
  A ball python (D:2)
  6 bats
  7 frilled lizards
  8 rats
90 creatures vanquished.

Notes
Turn   | Place    | Note
-------+----------+-------------------------------------------
     0 | D:1      | DimondSprtn the Draconian Fire Elementalist began the quest
                  | for the Orb.
     0 | D:1      | Reached XP level 1. HP: 14/14 MP: 3/3
   446 | D:1      | Reached XP level 2. HP: 8/20 MP: 1/5
   678 | D:1      | Learned a level 2 spell: Throw Flame
  1341 | D:1      | Reached XP level 3. HP: 26/26 MP: 6/6
  1346 | D:1      | Learned a level 3 spell: Conjure Flame
  2429 | D:2      | Noticed Terence
  2443 | D:2      | Killed Terence
  2443 | D:2      | Reached XP level 4. HP: 25/33 MP: 1/8
  3681 | D:3      | Reached XP level 5. HP: 38/38 MP: 0/9
  3767 | D:3      | Learned a level 4 spell: Sticky Flame
  4859 | D:4      | Reached XP level 6. HP: 40/45 MP: 1/11
  5953 | D:4      | Found a basalt altar of Yredelemnul.
  5960 | D:4      | Found a bloodstained altar of Trog.
  5960 | D:4      | Found a shadowy altar of Dithmenos.
  5961 | D:4      | Found a burning altar of Makhleb.
  5961 | D:4      | Found a hazy altar of Hepliaklqana.
  5962 | D:4      | Found a blossoming altar of Fedhas.
  6096 | D:4      | Reached skill level 5 in Fire Magic
  6390 | D:5      | Entered Level 5 of the Dungeon
  6517 | D:5      | Your scales start taking on a rich purple colour.
  6517 | D:5      | Reached skill level 5 in Spellcasting
  6517 | D:5      | Reached XP level 7. HP: 50/50 MP: 5/14
  6585 | D:5      | Learned a level 5 spell: Fireball
  6794 | D:5      | Found a glowing golden altar of the Shining One.
  6797 | D:5      | Identified the +5 war axe of Fragile Peace {freeze, Str+4}
  6798 | D:5      | Found a transporter.
  6810 | D:5      | Found a transporter.
  6862 | D:5      | HP: 1/50 [bullfrog (3)]
  6863 | D:5      | Slain by a bullfrog

Levels and vault maps discovered:
D:1:      eino_arrival_tree_alley, layout_loops_corners
D:2:      layout_basic, first_ration, uniq_terence
D:3:      layout_basic
D:4:      layout_loops_ring, minitemple
D:5:      layout_basic, lemuel_doored_altar, gammafunk_temple_overflow_arena,
          okawaru_altar_gauntlet_db, uniq_pikel

Skill      XL: |  1  2  3  4  5  6 |
---------------+-------------------+-----
Conjurations   | 2 3 4 |  4.3
Spellcasting   | 3 5 |  5.2
Fire Magic     | 4 5 |  5.2
Dodging        | |  1.7
Stealth        | |  1.7

Action                   |  1- 3 |  4- 6 |  7- 9 || total
-------------------------+-------+-------+-------++-------
Melee: Dagger            |   143 |   128 |     4 ||   275
       Tailslap          |    16 |    12 |       ||    28
       Unarmed           |     2 |       |       ||     2
Throw: Boomerang         |       |     2 |       ||     2
 Cast: Flame Tongue      |    38 |   103 |     5 ||   146
       Throw Flame       |     4 |    22 |       ||    26
  Use: Scroll            |       |       |     6 ||     6
       Potion            |       |       |     1 ||     1
 Stab: Sleeping          |     5 |     5 |       ||    10
  Eat: Chunk             |     6 |     9 |     2 ||    17
       Ration            |       |     1 |       ||     1
Armor: Skin              |    64 |    65 |    10 ||   139
Dodge: Dodged            |   117 |   122 |    11 ||   250
